 Dungeon Crawl Stone Soup version 0.22-a0-48-g8770677 (webtiles) character file.

29 gmonis the Cudgeler (level 3, 0/33 HPs)
             Began as a Minotaur Berserker on Jan 7, 2018.
             Was a Follower of Trog.
             Slain by an adder (3 damage)
             ... on level 2 of the Dungeon.
             The game lasted 00:02:09 (914 turns).

gmonis the Cudgeler (Minotaur Berserker)             Turns: 914, Time: 00:02:11

Health: 0/33       AC:  2    Str: 22    XL:     3   Next: 1%
Magic:  2/2        EV: 12    Int:  4    God:    Trog [*.....]
Gold:   14         SH:  0    Dex:  9    Spells: 2/2 levels left

rFire    . . .     SeeInvis .   a - +0 mace
rCold    . . .     Gourm    .   (no shield)
rNeg     . . .     Faith    .   b - +0 animal skin
rPois    .         Spirit   .   (helmet restricted)
rElec    .         Reflect  .   (no cloak)
rCorr    .         Harm     .   (no gloves)
MR       .....                  (no boots)
Stlth    +.........             (no amulet)
HPRegen  0.11/turn              (no ring)
MPRegen  0.08/turn              (no ring)

@: lethally poisoned (0 -> -9)
A: retaliatory headbutt, horns 2
a: Berserk, Burn Spellbooks, Renounce Religion


You were on level 2 of the Dungeon.
You worshipped Trog.
Trog was aware of your devotion.
You were not hungry.

You visited 1 branch of the dungeon, and saw 2 of its levels.

You collected 14 gold pieces.

Inventory:

Hand Weapons
 a - a +0 mace (weapon)
Missiles
 f - 34 stones (quivered)
Armour
 b - a +0 animal skin (worn)
Jewellery
 d - an uncursed ring of stealth {unknown}
Scrolls
 e - 3 scrolls of identify {unknown}
 j - a scroll of amnesia {unknown}
Potions
 g - a potion of degeneration {unknown}
 h - a potion of mutation {unknown}
 i - a potion of agility {unknown}
Comestibles
 c - a ration


   Skills:
 - Level 3.9 Fighting
 + Level 4.7 Maces & Flails
 - Level 2.5 Armour
 - Level 2.3 Dodging


You had 2 spell levels left.
You didn't know any spells.

Dungeon Overview and Level Annotations

Branches:
Dungeon (2/15)

Altars:
Nemelex Xobeh


Innate Abilities, Weirdness & Mutations

You reflexively headbutt those who attack you in melee.
You have a pair of horns on your head.


Message History

The adder is lightly wounded.
You feel sick. The adder misses you.
The quokka moves out of view.
The adder closely misses you. You furiously retaliate!
You headbutt the adder! You hit the adder but do no damage.
The adder is almost dead.
The adder bites you.
You are lethally poisoned!
The adder poisons you! The adder bites you but does no damage.
You barely miss the adder. Your headbutt misses the adder.
The adder is almost dead.
* * * LOW HITPOINT WARNING * * *
You feel sick. The adder bites you.
* * * LOW HITPOINT WARNING * * *
You closely miss the adder. Your headbutt misses the adder.
The adder is almost dead.
* * * LOW HITPOINT WARNING * * *
You feel sick. The adder bites you.
* * * LOW HITPOINT WARNING * * *
The adder bites you.
You die...

.. ... ...
... ...####
... .....#
... #...#
#.+##
#..###K...#
#..@S#...#.
#..........
#..#.###...
#<.#... .
#..#####
#..# #<.#
#..# ##.#


You could see an adder and a kobold.

Vanquished Creatures
  2 dart slugs (D:1)
  2 leopard geckos
  2 giant cockroaches
  A goblin (D:2)
  6 hobgoblins
  2 kobolds (D:1)
  7 rats (D:1)
22 creatures vanquished.

Notes
Turn   | Place    | Note
-------+----------+-------------------------------------------
     0 | D:1      | gmonis the Minotaur Berserker began the quest for the Orb.
     0 | D:1      | Reached XP level 1. HP: 19/19 MP: 0/0
   129 | D:1      | Found a sparkling altar of Nemelex Xobeh.
   181 | D:1      | Reached XP level 2. HP: 25/27 MP: 1/1
   227 | D:1      | Reached skill level 4 in Maces & Flails
   910 | D:2      | Reached XP level 3. HP: 16/33 MP: 2/2
   914 | D:2      | Slain by an adder

Vault maps used:
D:1:      nagdon_arrival_double_spiral, nemelex_diamond_rough_becter
D:2:      evilmike_ruin_ashenzari, uniq_terence

Skill      XL: |  1  2 |
---------------+-------+-----
Maces & Flails | 4 |  4.7
Fighting       | |  3.9
Armour         | |  2.5
Dodging        | |  2.3

Action                   || total
-------------------------++-------
Melee: Mace              ||    42
       Headbutt          ||     8
Armor: Animal skin       ||     9
Dodge: Dodged            ||    33

Table legend:
 A = Spawn XP
 B = Non-spawn XP
 C = Spawn XP percentage of total XP
 D = Spawn monster count
 E = Non-spawn monster count
 F = Spawn count percentage of total count
 G = Total turns spent on level
                    A         B        C        D         E        F      G
               +---------+---------+-------+---------+---------+-------+---------
         Total |       0 |      42 |   0.0 |       0 |      22 |   0.0 |   914
               +---------+---------+-------+---------+---------+-------+---------
           D:1 |       0 |      29 |   0.0 |       0 |      16 |   0.0 |   889
           D:2 |       0 |      13 |   0.0 |       0 |       6 |   0.0 |    25
               +---------+---------+-------+---------+---------+-------+---------
